 Dungeon Crawl Stone Soup version 0.17.0-26-gececa24 (webtiles) character file.

334 Moosed the Poker (level 6, 0/48 HPs)
             Began as a Merfolk Skald on Nov 20, 2015.
             Was a Believer of Jiyva.
             Slain by a sky beast (5 damage)
             ... on level 5 of the Dungeon.
             The game lasted 00:17:23 (4000 turns).

Moosed the Poker (Merfolk Skald)                    Turns: 4000, Time: 00:17:23

Health: 0/48       AC:  8    Str: 15    XL:     6   Next: 53%
Magic:  9/9        EV:  5    Int: 12    God:    Jiyva [**....]
Gold:   137        SH:  0    Dex: 12    Spells: 1 memorised, 8 levels left

rFire  . . .     SeeInvis .     w - +0 trident
rCold  + . .     Clarity  .     o - +2 scale mail {rC+}
rNeg   . . .     SustAt   .     (no shield)
rPois  .         Gourm    .     (no helmet)
rElec  .         Spirit   .     (no cloak)
rCorr  .         Warding  .     (no gloves)
rMut   +         Stasis   .     (no boots)
MR     .....                    l - amulet of resist mutation
Stlth  ..........               (no ring)
                                (no ring)

@: not resistant to hostile enchantments, extremely unstealthy
A: change form in water, swift swim
a: Request Jelly, Jelly Paralyse, Renounce Religion


You were on level 5 of the Dungeon.
You worshipped Jiyva.
Jiyva was pleased with you.
You were hungry.

You visited 1 branch of the dungeon, and saw 5 of its levels.

You collected 137 gold pieces.

Inventory:

Hand Weapons
 a - a +0 spear
 e - a cursed -3 short sword
 k - a +0 short sword
 v - a +2 flail of crushing
 w - a +0 trident (weapon)
Missiles
 g - 102 stones (quivered)
Armour
 b - a +0 leather armour
 f - a +0 ring mail
 h - a +0 scale mail
 i - a +0 naga barding
 m - a +0 robe
 o - a +2 scale mail of cold resistance (worn)
 u - a +0 buckler
Jewellery
 l - an amulet of resist mutation (around neck)
 t - a cursed amulet of inaccuracy
Wands
 n - a wand of lightning (7)
Scrolls
 d - 3 scrolls of teleportation
 x - a scroll of amnesia {unknown}
Potions
 j - a potion of lignification {unknown}
 p - a potion of brilliance {unknown}
 s - a potion of cure mutation {unknown}
Books
 c - a book of Battle

   Spells                             Type                      Level
   a - Infusion                       Charms                       1
   b - Shroud of Golubria             Charms/Translocation         2
   c - Song of Slaying                Charms                       2
   d - Spectral Weapon                Hexes/Charms                 3
   e - Regeneration                   Charms/Necromancy            3
Comestibles
 q - a beef jerky


   Skills:
 + Level 4.0 Fighting
 + Level 4.8 Polearms
 + Level 2.2 Armour
 + Level 4.0 Dodging
 + Level 0.2 Stealth
 + Level 2.1 Spellcasting
 + Level 3.9 Charms


You had 8 spell levels left.
You knew the following spells:

 Your Spells              Type           Power        Failure   Level  Hunger
a - Infusion              Chrm           ##....       24%         1    ##.....


Dungeon Overview and Level Annotations

Branches:
Dungeon (5/15)
 Temple: D:4-7

Altars:
Vehumet
Jiyva


Message History

Ouch! That really hurt!
* * * LOW HITPOINT WARNING * * *
You are too injured to fight recklessly!
You are too injured to fight recklessly!
You hear a distant slurping noise.
You hear a distant slurping noise.
You hear a distant slurping noise.
A sky beast comes into view.
The sky beast flickers out of sight!
Deactivating autopickup; reactivate with Ctrl-A.
Something hits you.
* * * LOW HITPOINT WARNING * * *
Something shocks you.
* * * LOW HITPOINT WARNING * * *
There is a stone staircase leading down here.
Enter note: The ogre barely misses you. Something hits you.
* * * LOW HITPOINT WARNING * * *
Something shocks you.
You die...

#.......#......#
#.......#......# #.
#.............J# #§# .
#.......#.....J# §§§§
#.......#......#..#§#
####.......########...#
.....##+#...........#
.....#..#...........#
.... #.........O@...#
.... #..#......{....#
######..###......####
..........#......#
..........#........
...##.....#......##.
#########+#......# .
#......#


You could see an ogre.

Vanquished Creatures
  An ogre (D:4)
  A centaur zombie (D:5)
  A hound (D:4)
  An orc wizard (D:3)
  A centaur skeleton (D:5)
  Jessica (D:2)
  Terence (D:2)
  11 adders
  5 orcs
  7 hobgoblins
  2 quokkas
  3 ball pythons
  4 bats
  2 giant cockroaches
  2 giant geckos
  4 giant newts
  3 goblins
  4 kobolds
  A quokka skeleton (D:4)
  7 rats
62 creatures vanquished.

Vanquished Creatures (others)
  3 jellies
  A killer bee (D:5)
  A giant frog skeleton (D:4)
  3 worker ants
  2 adders
  An orc (D:4)
  A bat (D:3)
  A giant cockroach (D:4)
  A jackal (D:4)
  A quokka (D:4)
  A giant gecko (D:4)
16 creatures vanquished.

Grand Total: 78 creatures vanquished

Notes
Turn   | Place    | Note
--------------------------------------------------------------
     0 | D:1      | Moosed the Merfolk Skald began the quest for the Orb.
     0 | D:1      | Reached XP level 1. HP: 16/16 MP: 3/3
   216 | D:1      | Reached XP level 2. HP: 4/22 MP: 5/5
   837 | D:2      | Reached XP level 3. HP: 9/28 MP: 6/6
  1311 | D:2      | Reached skill level 1 in Armour
  1563 | D:2      | Noticed Jessica
  1576 | D:2      | Killed Jessica
  1576 | D:2      | Reached XP level 4. HP: 31/34 MP: 7/7
  1618 | D:2      | Noticed Terence
  1658 | D:2      | Killed Terence
  2318 | D:3      | Found a radiant altar of Vehumet.
  2324 | D:3      | Found a faded altar to an unknown god.
  2331 | D:3      | Reached XP level 5. HP: 36/41 MP: 8/8
  2356 | D:3      | Became a worshipper of Jiyva Jiuskedg the Shapeless
  2356 | D:3      | Reached * piety under Jiyva
  2380 | D:3      | Reached skill level 4 in Polearms
  2591 | D:4      | Noticed an ogre
  2600 | D:4      | Killed an ogre
  2681 | D:4      | Reached ** piety under Jiyva
  2684 | D:4      | Reached XP level 6. HP: 32/48 MP: 9/9
  3637 | D:5      | Entered Level 5 of the Dungeon
  4000 | D:5      | Slain by a sky beast

Action                   |  1- 3 |  4- 6 || total
-------------------------+-------+-------++-------
Melee: Spear             |   139 |   212 ||   351
       Trident           |       |    33 ||    33
 Cast: Infusion          |     1 |       ||     1
Invok: Request Jelly     |       |     9 ||     9
       Jelly Paralyse    |       |     1 ||     1
  Use: Scroll            |       |     5 ||     5
  Eat: Bread ration      |     1 |     1 ||     2
